 Dungeon Crawl Stone Soup version 0.17.0-27-g4a3f43e (console) character file.

958 jw the Sneak (level 8, -6/54 HPs)
             Began as an Octopode Berserker on Nov 22, 2015.
             Was a Priest of Trog.
             Mangled by a killer bee (8 damage)
             ... on level 5 of the Dungeon.
             The game lasted 00:16:01 (5312 turns).

jw the Sneak (Octopode Berserker)                   Turns: 5312, Time: 00:16:01

Health: -6/54      AC:  1    Str: 16    XL:     8   Next: 14%
Magic:  8/8        EV: 14    Int: 10    God:    Trog [***...]
Gold:   90         SH:  0    Dex: 13    Spells: 0 memorised, 7 levels left

rFire  . . .     SeeInvis .     a - +1 short sword (freeze)
rCold  . . .     Clarity  +     (no shield)
rNeg   . . .     SustAt   .     (helmet restricted)
rPois  .         Gourm    .     e - amulet of faith
rElec  .         Spirit   .     (no ring)
rCorr  .         Warding  .     (no ring)
rMut   .         Stasis   .     (no ring)
MR     ++...                    (no ring)
Stlth  +++++.....               (no ring)
                                (no ring)
                                (no ring)
                                (no ring)

@: lethally poisoned (-6 -> -7), very slightly contaminated, regenerating, very
resistant to hostile enchantments, quite stealthy
A: almost no armour, amphibious, 8 rings, constrict 8, camouflage 1, clarity,
gelatinous body 1
a: Berserk, Trog's Hand, Burn Spellbooks, Renounce Religion


You were on level 5 of the Dungeon.
You worshipped Trog.
Trog was most pleased with you.
You were hungry.

You visited 1 branch of the dungeon, and saw 5 of its levels.

You collected 90 gold pieces.

Inventory:

Hand Weapons
 a - a +1 short sword of freezing (weapon)
Missiles
 f - 6 poisoned needles
 n - 61 stones
 o - 2 silver javelins (quivered)
Jewellery
 e - an amulet of faith (around mantle)
Wands
 l - a wand of polymorph (2)
Scrolls
 c - a scroll of fear
 i - 2 scrolls of remove curse
 j - 2 scrolls of identify
 p - a scroll of enchant armour
Potions
 d - 2 potions of curing
Comestibles
 b - 6 bread rations
 g - a slice of pizza


   Skills:
 + Level 4.4 Fighting
 * Level 6.0 Short Blades
 + Level 3.3 Throwing
 + Level 4.2 Dodging
 * Level 6.4 Stealth


You had 7 spell levels left.
You didn't know any spells.

Dungeon Overview and Level Annotations

Branches:
Dungeon (5/15)
 Temple: D:4-7

Altars:
Dithmenos
Xom
Yredelemnul

Shops:
D:4 ?


Innate Abilities, Weirdness & Mutations

You cannot wear most types of armour.
You are amphibious.
You can wear up to eight rings at the same time.
You can use your tentacles to constrict eight enemies at once.
Your skin changes colour to match your surroundings (Stealth).
Your rubbery body absorbs attacks (AC +1).
You possess an exceptional clarity of mind.


Message History

ATTACKING (0,-1)
You hit the killer bee but do no damage.
Your grab misses the killer bee.
You feel sick. The killer bee completely misses you. The killer bee stings you.
You are more poisoned.
The killer bee poisons you!
ATTACKING (0,-1)
You hit the killer bee but do no damage.
Your grab misses the killer bee. You squeeze the killer bee!
The killer bee is heavily wounded.
You feel sick. The killer bee barely misses you.
ATTACKING (0,-1)
You miss the killer bee. Your grab misses the killer bee.
The killer bee is heavily wounded.
You feel sick. The killer bee closely misses you. The killer bee stings you!
ATTACKING (0,-1)
You miss the killer bee. You grab the killer bee.
The killer bee is heavily wounded.
You constrict the killer bee.
You feel sick. The killer bee stings you!
You die...

#.# ...#
#.# ....
#y## #..
####Z.###.#
#ยค.....yl#
#.##y##y##
#.##.##y#
#....##y#
#%#####x#
#.# #.# #..
..# ##.
###. . [#
.# ..


You could see 4 killer bees and a giant gecko.

Table legend:
 A = Turns spent in this place as a percentage of turns spent in the entire game.
 B = Non-inter-level travel turns spent in this place as a percentage of non-inter-level travel turns spent in the entire game.
 C = Inter-level travel turns spent in this place as a percentage of turns spent in this place.
 D = Turns resting spent in this place as a percentage of non-inter-level travel turns spent in this place.
 E = Turns spent auto-exploring this place as a percentage of non-inter-level travel turns spent in this place.
 F = Non-inter-level travel turns spent in this place divided by the number of levels of this place that you've seen.
                   A       B       C       D       E      F
               +-------+-------+-------+-------+-------+----------------------
         Total | 100.0 | 100.0 |   0.4 |   1.3 |   2.5 | 1551.4
       Dungeon | 100.0 | 100.0 |   0.4 |   1.3 |   2.5 | 1551.4
               +-------+-------+-------+-------+-------+----------------------

Table legend:
 A = Kills in this place as a percentage of kills in entire the game.
 B = Kills by you in this place as a percentage of kills by you in the entire game.
 C = Kills by friends in this place as a percentage of kills by friends in the entire game.
 D = Other kills in this place as a percentage of other kills in the entire game.
 E = Experience gained in this place as a percentage of experience gained in the entire game.
 F = Experience gained in this place divided by the number of levels of this place that you have seen.
                   A       B       C       D       E      F
               +-------+-------+-------+-------+-------+----------------------
         Total | 100.0 | 100.0 | 100.0 |  -nan | 100.0 | 273.8
       Dungeon | 100.0 | 100.0 | 100.0 |  -nan | 100.0 | 273.8
               +-------+-------+-------+-------+-------+----------------------

Vanquished Creatures
  Sigmund (D:4)
  The ghost of gw the Twirler, an amateur DsGl of Nemelex Xobeh (D:4)
  2 killer bees (D:5)
  A scorpion (D:4)
  A crimson imp (D:5)
  3 hounds
  A centaur zombie (D:4)
  Jessica (D:2)
  2 orc wizards (D:3)
  13 gnolls
  3 adders
  A shadow imp (D:3)
  An ooze (D:4)
  A worm (D:2)
  8 orcs
  11 bats
  6 giant cockroaches
  7 hobgoblins
  11 jackals
  18 kobolds
  2 quokkas
  4 giant geckos
  A giant gecko skeleton (D:4)
  6 giant newts
  15 goblins
  6 rats
127 creatures vanquished.

Vanquished Creatures (collateral kills)
  A hound (D:4)
  A gnoll (D:4)
2 creatures vanquished.

Grand Total: 129 creatures vanquished

Notes
Turn   | Place    | Note
--------------------------------------------------------------
     0 | D:1      | jw the Octopode Berserker began the quest for the Orb.
     0 | D:1      | Reached XP level 1. HP: 16/16 MP: 1/1
    57 | D:1      | Reached skill level 1 in Stealth
    95 | D:1      | Reached XP level 2. HP: 18/21 MP: 2/2
   623 | D:1      | Reached ** piety under Trog
   635 | D:1      | Reached XP level 3. HP: 13/26 MP: 3/3
  1173 | D:2      | Reached skill level 1 in Throwing
  1770 | D:2      | Reached XP level 4. HP: 27/31 MP: 4/4
  2033 | D:2      | Found a shimmering altar of Xom.
  2045 | D:2      | Reached skill level 4 in Short Blades
  2047 | D:2      | Reached XP level 5. HP: 36/36 MP: 5/5
  2052 | D:2      | Reached *** piety under Trog
  2625 | D:2      | Noticed Jessica
  2634 | D:2      | Killed Jessica
  2751 | D:2      | Reached XP level 6. HP: 42/42 MP: 6/6
  2954 | D:2      | Gained mutation: You are robust (+10% HP). [potion of mutation]
  2954 | D:2      | Lost mutation: You are robust (+10% HP). [potion of mutation]
  2954 | D:2      | Gained mutation: You possess an exceptional clarity of mind. [potion of mutation]
  2966 | D:3      | Found a shadowy altar of Dithmenos.
  3160 | D:3      | Reached **** piety under Trog
  3165 | D:3      | HP: 1/63 [giant gecko (4)]
  3240 | D:3      | Received a gift from Trog
  4090 | D:4      | Reached XP level 7. HP: 48/48 MP: 7/7
  4124 | D:4      | Reached skill level 5 in Short Blades
  4198 | D:4      | Noticed gw's ghost (amateur DsGl)
  4224 | D:4      | Found Weddosam's Magic Scroll Shoppe.
  4351 | D:4      | Reached skill level 5 in Stealth
  4605 | D:4      | Found a basalt altar of Yredelemnul.
  4632 | D:4      | Received a gift from Trog
  4665 | D:4      | Noticed Sigmund
  4675 | D:4      | Killed Sigmund
  5004 | D:4      | Killed gw's ghost
  5004 | D:4      | Reached skill level 6 in Stealth
  5282 | D:5      | Entered Level 5 of the Dungeon
  5299 | D:5      | Reached XP level 8. HP: 15/54 MP: 8/8
  5311 | D:5      | HP: 2/54 [killer bee (7)]
  5312 | D:5      | Mangled by a killer bee

Action                   |  1- 3 |  4- 6 |  7- 9 || total
-------------------------+-------+-------+-------++-------
Melee: Short sword       |    79 |   109 |    47 ||   235
Throw: Stone             |    11 |    44 |    10 ||    65
       Tomahawk          |       |     8 |       ||     8
       Javelin           |       |       |    10 ||    10
Invok: Berserk           |       |     3 |     2 ||     5
       Trog's Hand       |       |     1 |     4 ||     5
       Brothers in Arms  |       |       |     1 ||     1
  Use: Scroll            |     2 |     5 |     4 ||    11
       Potion            |     1 |     3 |     1 ||     5
 Stab: Sleeping          |     6 |     6 |     2 ||    14
  Eat: Chunk             |     3 |    10 |     6 ||    19

Vault maps used:
D:1:      minmay_arrival_open_corners
D:2:      tgw_xom, uniq_jessica
D:3:      grunt_dithmenos_smoke_and_mirrors, first_bread
D:4:      kennysheep_mini, serial_shops, nicolae_shop_waterfront,
          cheibrodos_gnoll_hut, uniq_sigmund
D:5:      old_standard_altar, serial_shops,
          nicolae_shop_temple_entry_statues_fountains, enter_ossuary_3
